Cogmind - Beta 11.1 @@@ ROGUE MODE // 2022.04.26 @ 19:43:25 Player: Demise Result: Destroyed by as-38809 with Assembled Heavy Rifle Performance ------------- Evolutions (0) 0 Regions Visited (2) 400 Robots Destroyed (29) 145 Value Destroyed (634) 634 Prototype IDs (2) 40 Alien Tech Used (0) 0 Bonus (60) 60 TOTAL SCORE: 1279 Bonus ------- Follower Combat Kills 60 Cogmind --------- Core Integrity 0/250 Matter 259/300 Energy 250/250 System Corruption 0% Temperature Cool (0) Movement Core (850) Ox16 Location -10/Mines Parts ------- > --- POWER (1) -------- Ion Engine > --- PROPULSION (2) --- (None) > --- UTILITY (2) ------ High-capacity Storage Unit > --- WEAPON (2) ------- Autogun Grenade Launcher > --- INVENTORY (20) --- Ion Engine Improved Heat Sink Signal Interpreter High-powered Tractor Beam Recalibrator EM Pulse Gun Heavy EM Pulse Gun Heavy EM Pulse Gun Heavy EM Pulse Gun Heavy EM Pulse Gun Assault Rifle Light Assault Rifle Light Assault Rifle Autogun Autogun Autogun Datajack Mining Laser Plasma Cutter Plasma Cutter Peak State ------------ > --- POWER ------------ Ion Engine > --- PROPULSION ------- Light Treads Light Treads > --- UTILITY ---------- High-capacity Storage Unit Signal Interpreter > --- WEAPON ----------- Autogun Autogun > --- INVENTORY -------- Ion Engine Light Ion Engine Improved Heat Sink Signal Interpreter High-powered Tractor Beam Recalibrator EM Pulse Gun EM Pulse Gun EM Pulse Gun Heavy EM Pulse Gun Assault Rifle Light Assault Rifle Light Assault Rifle Autogun Autogun Grenade Launcher Datajack Mining Laser Plasma Cutter Plasma Cutter [Rating: 12] Favorites ----------- Power Ion Engine Engine Ion Engine Propulsion Light Treads Treads Light Treads Leg Aluminum Leg Wheel Wheel Utility Signal Interpreter Device Tractor Beam Storage High-capacity Storage Unit Processor Signal Interpreter Weapon Autogun Energy Gun EM Pulse Gun Ballistic Gun Autogun Launcher Grenade Launcher Build | -11 -10 -10 ------- Run | Scr Mat Min Slots Evolved . | . . . Power . | . . . Propulsion . | . . . Utility . | . . . Weapon . | . . . Parts Attached 22 | 7 12 3 Power 3 | 1 2 . Engine 3 | 1 2 . Core . | . . . Reactor . | . . . Propulsion 4 | 2 . 2 Treads 2 | 2 . . Leg 1 | . . 1 Wheel 1 | . . 1 Hover . | . . . Flight . | . . . Utility 7 | 2 5 . Device 2 | 1 1 . Storage 3 | 1 2 . Processor 2 | . 2 . Hackware . | . . . Protection . | . . . Artifact . | . . . Weapon 8 | 2 5 1 Energy Gun 2 | 1 1 . Energy Cannon . | . . . Ballistic Gun 5 | 1 4 . Ballistic Cannon . | . . . Launcher 1 | . . 1 Special Weapon . | . . . Impact Weapon . | . . . Slashing Weapon . | . . . Piercing Weapon . | . . . Special Melee Weapon . | . . . Unidentified Prototypes . | . . . Parts Lost 5 | . 1 4 Power . | . . . Propulsion 3 | . . 3 Utility 2 | . 1 1 Weapon . | . . . Highest Loss Streak 3 | . 1 3 To Critical Strikes . | . . . Average Slot Usage (%) 99 | . 99 95 Engine 14 | . 14 14 Treads 25 | . 28 13 Wheel 1 | . . 10 Device 1 | . 2 . Storage 14 | . 14 14 Processor 12 | . 11 13 Ballistic Gun 27 | . 26 27 Naked Turns . | . . . Heaviest Build 51 | 15 51 51 Greatest Support 40 | 40 40 20 Greatest Overweight (x) 16 | . 1 16 Average Overweight (x) 1 | . . 4 Largest Inventory Capacity 20 | 8 20 20 Average Capacity 16 | 7 16 20 Most Carried 20 | 2 20 20 Average Carried 13 | 1 12 20 Final Capacity 20 | 8 20 20 Final Carried 20 | 2 20 20 Class Distribution -------------------- 100% | Mutant Dominant Class ---------------- Mutant | -10/Materials Mutant | -10/Mines Resources | -11 -10 -10 ----------- Run | Scr Mat Min Matter Collected 796 | 300 349 147 Remotely 108 | 75 33 . Salvage Created 970 | 147 644 179 Parts 63 | 9 43 11 Haulers Intercepted . | . . . Recyclers Shooed 2 | 1 1 . Parts Field Recycled . | . . . Retrieved Matter . | . . . Parts Self-Destructed . | . . . Prevented . | . . . Kills | -11 -10 -10 ------- Run | Scr Mat Min Combat Hostiles Destroyed 20 | . 12 8 Guns 18 | . 12 6 AOE 2 | . . 2 Classes Destroyed 8 | 2 4 2 Tunneler 5 | 3 1 1 Recycler 2 | 1 1 . Mechanic 1 | . 1 . Watcher 3 | . 3 . Swarmer 6 | . 3 3 Grunt 11 | . 9 2 Demolisher 1 | . . 1 Assembled 2 | . . 2 Best Kill Streak 4 | 4 4 3 Combat Bots Only 4 | . 4 3 Max Kills in Single Turn 1 | 1 1 1 Gunslinging . | . . . Exploded 1 | . . 1 Melee . | . . . Uniques/NPCs Destroyed . | . . . Combat | -11 -10 -10 -------- Run | Scr Mat Min Damage Taken 1163 | . 561 602 Core 255 | . 92 163 Absorbed by Shields . | . . . Regen/Repaired (Parts) 92 | . 92 . Core Remaining (%) 100 | 100 . . Volleys Fired 79 | 10 51 18 Largest 2 | 2 2 2 Hottest 60 | 60 60 46 Shots Fired 156 | 20 102 34 Gun 154 | 20 102 32 Cannon . | . . . Launcher 2 | . . 2 Special . | . . . Kinetic 139 | 10 97 32 Thermal 5 | . 5 . Explosive 2 | . . 2 Electromagnetic 10 | 10 . . Robot Hit Streak 14 | 5 14 6 Robot Miss Streak 5 | 3 2 5 Penetration Max . | . . . Secondary Targets 2 | . . 2 Max Gunslinging Chain 1 | . . 1 Shots Hit Robots 101 | 12 71 18 Core Hits 52 | 5 29 18 Critical Kills 1 | . 1 . Critical Parts Destroyed . | . . . Critical Strikes 2 | 1 1 . Destroy 1 | . 1 . Corrupt 1 | 1 . . Melee Attacks . | . . . Impact . | . . . Slashing . | . . . Piercing . | . . . Sneak Attacks . | . . . Combat Hostiles . | . . . Follow-up Attacks . | . . . Damage Inflicted 1612 | 237 886 489 Guns 1312 | 159 886 267 Cannons . | . . . Explosions 300 | 78 . 222 Melee . | . . . Ramming . | . . . Kinetic 1183 | 63 853 267 Thermal 111 | 78 33 . Explosive 222 | . . 222 Electromagnetic 96 | 96 . . Impact . | . . . Slashing . | . . . Piercing . | . . . Highest Corruption . | . . . Average Corruption . | . . . Corruption Purged . | . . . Corruption Blocked . | . . . Overload Shots . | . . . Overflow Damage 18 | 18 . . Projectiles . | . . . Explosions 18 | 18 . . Melee . | . . . Knockbacks . | . . . Impact . | . . . Kinetic . | . . . Secondary . | . . . Self-Inflicted Damage 20 | . . 20 Shots 1 | . . 1 Rammed . | . . . Targets Rammed . | . . . Kicked . | . . . Crushed . | . . . Highest Temperature 41 | . 30 41 Average Temperature 11 | . 10 12 Received Heat Transfer 348 | . 285 63 Siege Activations . | . . . Robots Corrupted . | . . . Combat Hostiles . | . . . Parts Fried 1 | 1 . . Impact Corruptions . | . . . Robots Melted . | . . . Combat Hostiles . | . . . Parts Melted . | . . . Heat Transferred 175 | 100 75 . Parts Sabotaged . | . . . Parts Stolen . | . . . Parts Stripped . | . . . Power Chain Reactions 1 | 1 . . Missiles Intercepted . | . . . Alert | -11 -10 -10 ------- Run | Scr Mat Min Peak Influence 326 | 20 326 177 Initial 13 | . 13 . Average 98 | 6 106 90 Maximum Alert Level 1 | . 1 . Low Security (%) 92 | 100 89 100 Level 1 7 | . 10 . Level 2 . | . . . Level 3 . | . . . Level 4 . | . . . Level 5 . | . . . High Security . | . . . Max Security . | . . . Squads Dispatched 4 | . 4 . Investigation 4 | . 4 . Extermination . | . . . Reinforcement . | . . . Assault . | . . . Garrison . | . . . Intercept . | . . . Searches Triggered . | . . . Construction Impeded . | . . . Haulers Reinforced . | . . . Active Scanning Responses . | . . . Cargo Convoy Interrupts . | . . . Stealth | -11 -10 -10 --------- Run | Scr Mat Min Distress Signals 1 | . 1 . Communications Jammed . | . . . Distress Signals . | . . . Times Spotted 35 | . 19 16 Peak Tracking Total 9 | . 3 9 Tactical Retreats 2 | . 2 . Traps | -11 -10 -10 ------- Run | Scr Mat Min Traps Triggered 1 | . 1 . Indirectly . | . . . Trap Hack Attempts . | . . . Triggered . | . . . Disarmed . | . . . Reprogrammed 6 | . 6 . Reused 1 | . 1 . Traps Extracted . | . . . Installed . | . . . Triggered 1 | . 1 . Machines | -11 -10 -10 ---------- Run | Scr Mat Min Machines Disabled . | . . . Max in Single Turn . | . . . Machines Sabotaged . | . . . Garrisons Compromised . | . . . Overloaded Fab Kills . | . . . Hacking | -11 -10 -10 --------- Run | Scr Mat Min Machines Accessed 11 | . 11 . Terminals 8 | . 8 . Fabricators . | . . . Repair Stations 1 | . 1 . Recycling Units 2 | . 2 . Scanalyzers . | . . . Garrison Access . | . . . Total Hacks 43 | . 43 . Successful 24 | . 24 . Failed 19 | . 19 . Catastrophic . | . . . Database Lockouts . | . . . Manual 25 | . 25 . Terminals 36 | . 36 . Fabricators . | . . . Repair Stations 3 | . 3 . Recycling Units 4 | . 4 . Scanalyzers . | . . . Garrison Access . | . . . Terminal Hacks 13 | . 13 . Robot Analysis 7 | . 7 . Prototype ID Bank 1 | . 1 . Terminal Index 1 | . 1 . Locate Traps 2 | . 2 . Reprogram Traps 1 | . 1 . Hauler Manifests 1 | . 1 . Fabricator Hacks . | . . . Repair Station Hacks 2 | . 2 . Scan Component 1 | . 1 . Repair 1 | . 1 . Recycling Unit Hacks . | . . . Scanalyzer . | . . . Garrison Access Hacks . | . . . Unauthorized Hacks 9 | . 9 . Terminals 7 | . 7 . Track 1 | . 1 . Botnet 5 | . 5 . Operators 1 | . 1 . Fabricators . | . . . Repair Stations . | . . . Recycling Units 2 | . 2 . Tunnel 2 | . 2 . Scanalyzers . | . . . Garrison Access . | . . . Data Cores Recovered . | . . . Used . | . . . Hacking Detections 10 | . 10 . Full Trace Events 1 | . 1 . Feedback Events . | . . . Feedback Blocked . | . . . Robot Schematics Acquired . | . . . Robots Built . | . . . Authchips . | . . . Time . | . . . Total Robot Build Rating . | . . . Part Schematics Acquired . | . . . Parts Built . | . . . Authchips . | . . . Time . | . . . Total Part Build Rating . | . . . Parts Repaired 1 | . 1 . Time 26 | . 26 . Parts Recycled . | . . . Recycled Matter . | . . . Retrieved Matter . | . . . Retrieved Components . | . . . Parts Scanalyzed . | . . . Part Schematics Acquired . | . . . Parts Damaged . | . . . Bothacking | -11 -10 -10 ------------ Run | Scr Mat Min Used RIF Installer . | . . . Robots Hacked . | . . . Non-combat . | . . . Combat . | . . . Robot Hacks Applied . | . . . Relay Couplers Released . | . . . Fabnet Peak Effective % . | . . . Robots Rewired . | . . . Allies Hacked . | . . . Hacks Repelled . | . . . Allies | -11 -10 -10 -------- Run | Scr Mat Min Total Allies 5 | . . 5 Largest Group 4 | . . 4 Highest-Rated Group 81 | . . 81 Highest-Rated Ally 31 | . . 31 Total Orders . | . . . Ally Attacks 20 | . . 20 Total Damage 260 | . . 260 Kills 2 | . . 2 Allies Corrupted . | . . . Allies Melted . | . . . Intel | -11 -10 -10 ------- Run | Scr Mat Min Robot Analysis Total 7 | . 7 . Derelict Logs Recovered 1 | . . 1 Drone Launches . | . . . Drone Recoveries . | . . . Exploration | -11 -10 -10 ------------- Run | Scr Mat Min Turns Passed 2114 | 114 1646 354 Spaces Moved 910 | 47 693 170 Core 3 | 2 . 1 Treads 757 | 45 693 19 Legs . | . . . Wheels 150 | . . 150 Hover . | . . . Flight . | . . . Fastest Speed 50 | 50 160 155 Average Speed 190 | 155 196 177 Slowest Speed 850 | 160 240 850 Overloaded Moves . | . . . Propulsion Burnouts . | . . . Robots Hopped . | . . . Cave-ins Triggered . | . . . Exploration Rate (%) 48 | 4 98 44 Regions Visited 2 Branch Regions 1 Pre-discovered Areas 3 | . 2 1 Known Exits Taken 1 | . 1 . Unknown Exits Taken 1 | 1 . . Scrap Searched 1 | . . 1 Spaces Dug . | . . . Terrain Destroyed 13 | 2 . 11 Melee . | . . . Projectile . | . . . AOE 13 | 2 . 11 Terrain Rammed . | . . . Walls Destroyed . | . . . Machines Disabled . | . . . Actions | -11 -10 -10 --------- Run | Scr Mat Min Total 1146 | 65 888 193 Wait 106 | . 105 1 Move 908 | 46 692 170 Hop . | . . . Pick Up 20 | 2 18 . Fast Attach 13 | 7 4 2 Attach . | . . . Detach 2 | . 2 . Swap 9 | . 8 1 Drop 9 | . 8 1 Fire 79 | 10 51 18 Melee . | . . . Ram . | . . . Kick . | . . . Crush . | . . . Escape Stasis . | . . . Rewire . | . . . Trap . | . . . Miscellaneous . | . . . Route ------- -11/Scrapyard -10/Materials (discovered 5 exits: *Mat x3 / *Min x2) -10/Mines (discovered 1 exit: *Mat) History --------- Turn | Location | Event 41 | -11/Scrapyard | Discovered new exit (range 16) 115 | -11/Scrapyard | Entered Materials 302 | -10/Materials | Build established: Mutant 365 | -10/Materials | Discovered new exit (range 16) 396 | -10/Materials | Identified exit to Materials 586 | -10/Materials | Repaired Assault Rifle 617 | -10/Materials | Discovered new exit (range 10) 689 | -10/Materials | Discovered exit to Materials (range 10) 1369 | -10/Materials | Discovered exit to Materials (range 6) 1478 | -10/Materials | Discovered new exit (range 14) 1509 | -10/Materials | Identified exit to Mines 1761 | -10/Materials | Entered Mines 1929 | -10/Mines | Discovered exit to Materials (range 10) 1951 | -10/Mines | Assisted by bots powering up and referring to "LRC-V3" 2072 | -10/Mines | Assembled infested the area 2093 | -10/Mines | Core integrity fell below 50% 2096 | -10/Mines | Core integrity fell below 20% 2115 | -10/Mines | Destroyed by as-38809 with Assembled Heavy Rifle Last Messages --------------- 02090_ 0O-I48(g) destroyed. 02091_ Wheel destroyed. 02092_ Lgt. Treads destroyed. 02093_ Acquired 3 matter. 02095_ D-53 Grenadier destroyed. 02095_ Switching to secondary target: D-53 Grenadier. 02097_ The unstable cave ceiling collapses. 02097_ D-53 Grenadier destroyed. 02100_ The unstable cave ceiling collapses. 02102_ as-46170 suffers critical hit (Burn). 02104_ The unstable cave ceiling collapses. 02105_ Trooper 1b knocked back. 02106_ The unstable cave ceiling collapses. 02109_ Signal Interpreter destroyed. 02110_ The unstable cave ceiling collapses. 02110_ as-35787 destroyed. 02111_ Trooper 1b destroyed. 02111_ as-46170 destroyed. 02113_ as-01334 destroyed. 02114_ The unstable cave ceiling collapses. Map ----- +----------------------------------------------------+ | | | | | | | | | | | | | | | | | | | | | | | | | | | | | | | | | ??????????????????????????????????????? | | ??????????????????????????????????????? | | ??????????????????????????????????????? | | ??????????????????????????????????????? | | ?????????????????????#######??????????? | | ????????????????????## # ##?????????? | | ???????????????????## ##????????? | | ??????????????????## #????????? | | ???????????????#### # #????????? | | ??????????????## a@ #????????? | | ?????????????# %a #????????? | | ??????? ###### a ?????? | | ??????? a a ##### #???? | | ????????? ### ##?????????? | | ????????????## % #??????????? | | ????????????# ##??????????? | | ????????????## # %! ???????????? | | ?????????????###?# =%# #???????????? | | ?????????????????##*= ###???????????? | | ?????????????????# =% ##??????????????? | | ?????????????????# ####?????????????? | | ?????????????????## %%#?????????????? | | ??????????????????##### #?????????????? | | ??????????????????????# #?????????????? | | ??????????????????????# #?????????????? | | ??????????????????????# #?????????????? | | ??????????????????????# #?????????????? | | ??????????????????????# #?????????????? | | ??????????????????????# #?????????????? | | ??????????????????????# #?????????????? | | ???# ????????????????# #?#######?????? | | #### ????????????????# #?# #?????? | | ????????????????# #?# #?????? | | ? ????????######### #?# """ #?????? | +----------------------------------------------------+ Best States ------------- Heat Dissipation 39 Energy Generation 10 Energy Capacity 250 Matter Stores 300 Matter Capacity 300 Sight Range 16 Terrain Scan Density 10 Evasion (%) 40 Recoil Reduction 2 Item Schematics ----------------- None Robot Schematics ------------------ None Fabricated ------------ Nothing Alien Tech Used ----------------- None Achievements -------------- None Challenges ------------ None Game ------ Seed ArmageddonStormMagmablaster Manual? 0 Play Time 00:15:08 Cumulative 473.3 hours Start 2022.04.26 @ 19:30:09 End 2022.04.26 @ 19:43:25 Sessions 1 Manual Loads 0 Difficulty Rogue Special Mode None Game No. 390 Rogue 390 Adventurer 0 Explorer 0 Win Type - Total 3 Types 2/0/0/1/0/0/0/0/0 Lore% 68 Gallery% 77 Achievement% 66 Wizard Run 0 Options --------- ASCII 0 Keyboard 1 Movement Numpad Keybinds 0 Fullscreen 1 Font 12/Terminus Map View 83x54 Tactical HUD 1 Map Filters NONE Filters NONE Steam 1 RUN: 2eec6cd6-2134-495a-8785-392a44ce9c98